 Dungeon Crawl Stone Soup version 0.19-a0-1007-g133f65f (webtiles) character file.

59 mistymad the Conjurer (level 3, 0/26 HPs)
             Began as a Draconian Conjurer on July 21, 2016.
             Slain by a worm (8 damage)
             ... on level 2 of the Dungeon.
             The game lasted 00:05:29 (1511 turns).

mistymad the Conjurer (Draconian Conjurer)          Turns: 1511, Time: 00:05:30

Health: 0/26       AC:  5    Str: 10    XL:     3   Next: 78%
Magic:  2/6        EV: 12    Int: 16    God:
Gold:   29         SH:  0    Dex: 11    Spells: 2 memorised, 4 levels left

rFire  . . .     SeeInvis .     (no weapon)
rCold  . . .     Gourm    .     (armour unavailable)
rNeg   . . .     Faith    .     (no shield)
rPois  .         Spirit   .     (helmet restricted)
rElec  .         Dismiss  .     (no cloak)
rCorr  .         Reflect  .     (no gloves)
SustAt .         Harm     .     (no boots)
MR     .....                    d - amulet of regeneration
Stlth  ++........               (no ring)
                                k - ring of flight

@: very slightly contaminated, not resistant to hostile enchantments, unstealthy
A: unfitting armour, cold-blooded, AC +5
a: Evoke Flight


You were on level 2 of the Dungeon.
You were not hungry.

You visited 1 branch of the dungeon, and saw 2 of its levels.

You collected 29 gold pieces.

Inventory:

Jewellery
 d - an amulet of regeneration (around neck)
 k - a ring of flight (left hand)
 m - an uncursed ring of ice
Scrolls
 c - a scroll of recharging {unknown}
 e - 4 scrolls of identify
 f - 3 scrolls of magic mapping {unknown}
 i - a scroll of fear {unknown}
 j - a scroll of amnesia {unknown}
 n - a scroll of enchant weapon {unknown}
 o - a scroll of random uselessness {unknown}
Potions
 g - a potion of degeneration {unknown}
Books
 a - a book of Conjurations

   Spells                             Type                      Level
   a - Magic Dart                     Conjuration                  1
   b - Searing Ray                    Conjuration                  2
   c - Dazzling Spray                 Conjuration/Hexes            3
   d - Fulminant Prism                Conjuration/Hexes            4
   e - Iskenderun's Mystic Blast      Conjuration                  4
   f - Iskenderun's Battlesphere      Conjuration/Charms           5
Comestibles
 b - 2 bread rations
 h - 3 beef jerkies
 l - 10 chunks of flesh


   Skills:
 + Level 2.5 Dodging
 + Level 2.4 Stealth
 + Level 2.6 Spellcasting
 + Level 4.2 Conjurations


You had 4 spell levels left.
You knew the following spells:

 Your Spells              Type           Power        Failure   Level  Hunger
a - Magic Dart            Conj           ###.         4%          1    #......
b - Searing Ray           Conj           ###...       8%          2    ##.....


Dungeon Overview and Level Annotations

Branches:
Dungeon (2/15)

Altars:
Yredelemnul


Innate Abilities, Weirdness & Mutations

Your plain brown scales are hard. (AC +5)
Your body does not fit into most forms of armour.
You are cold-blooded and may be slowed by cold attacks.


Message History

You take 4 damage, and have 17/26 hp.
You barely miss the worm.
The worm is moderately wounded.
The worm barely misses you.
You barely miss the worm.
The worm is moderately wounded.
You hit the worm.
The worm is moderately wounded.
The worm closely misses you.
You barely miss the worm. You tail-slap the worm.
The worm is heavily wounded.
You hit the worm.
The worm is heavily wounded.
The worm bites you!
* * * LOW HITPOINT WARNING * * *
You take 12 damage, and have 7/26 hp.
MASSIVE DAMAGE!!
You barely miss the worm.
Your tail-slap misses the worm.
The worm is heavily wounded.
The worm bites you!
You die...

# ### ##.# ##.)......
######.###..#
#..###.... .w...#.....#
######.## #....
####.#.##.w##
##......## ##...
#.#.##...# #........#
##.. #....#.#.##
#..........# ##.
###..#.#..#
#..........# ##..
#..#.##.####..........#
#...
#.......##.@..........#
#...
#.##.#..##w#..........#
#...
#.##.#.....##........##
#...
(....#...###..........
#...
......................
#...
......###.###.........
#... #).....#
#.###......... ###...
.....## #...#.........
...... ...
###..#........ #...


You could see a worm.

Vanquished Creatures
  An adder (D:1)
  An ooze (D:1)
  A worm (D:1)
  A dart slug (D:2)
  3 giant geckos
  A giant cockroach (D:2)
  4 goblins (D:1)
  3 hobgoblins
  3 jackals (D:2)
  3 kobolds
  2 ball pythons (D:1)
  6 bats
  A giant newt (D:1)
  8 rats
38 creatures vanquished.

Notes
Turn   | Place    | Note
-------+----------+-------------------------------------------
     0 | D:1      | mistymad the Draconian Conjurer began the quest for the Orb.
     0 | D:1      | Reached XP level 1. HP: 14/14 MP: 3/3
   164 | D:1      | Reached XP level 2. HP: 18/20 MP: 1/5
   828 | D:1      | Learned a level 2 spell: Searing Ray
   937 | D:1      | Reached XP level 3. HP: 26/26 MP: 0/6
  1213 | D:2      | Found a basalt altar of Yredelemnul.
  1511 | D:2      | Slain by a worm

Vault maps used:
D:1:      ncdulo_lavacross, minmay_unequal
D:2:      yredelemnul_altar_generic

Skill      XL: |  1 |
---------------+----+-----
Dodging        | 2 |  2.5
Stealth        | 2 |  2.4
Spellcasting   | |  2.6
Conjurations   | |  4.2

Action                   || total
-------------------------++-------
Melee: Unarmed           ||    46
       Tailslap          ||     5
 Cast: Magic Dart        ||    77
       Searing Ray       ||     3
  Use: Scroll            ||     1
  Eat: Chunk             ||     3
Armor: Skin              ||     8
Dodge: Dodged            ||    21
